 Dungeon Crawl Stone Soup version 0.27.1-34-g3ba077fa99 (webtiles) character file.

Game seed: 7989781579798052922

48 pkoi the Insei (level 3, 0/31 HPs)
             Began as a Draconian Monk on Jan 10, 2022.
             Slain by Jessica (3 damage)
             ... on level 2 of the Dungeon.
             The game lasted 00:01:22 (1162 turns).

pkoi the Insei (Draconian Monk)                     Turns: 1162, Time: 00:01:23

Health: 0/31       AC:  6    Str: 13    XL:     3   Next: 50%
Magic:  3/3        EV: 12    Int: 11    God:
Gold:   9          SH:  0    Dex: 13    Spells: 2/2 levels left

rFire    + . .     SeeInvis .     - Unarmed
rCold    + . .     Faith    .   (no shield)
rNeg     . . .     Spirit   .   (armour unavailable)
rPois    +         Reflect  .   (helmet restricted)
rElec    +         Harm     .   (no cloak)
rCorr    +         Rampage  .   (no gloves)
Will     .....                  c - +0 pair of boots
Stlth    ++........             (no amulet)
HPRegen  0.10/turn              (no ring)
MPRegen  0.08/turn              (no ring)

@: resistant
A: AC +5, unfitting armour, cold-blooded
a: no special abilities


You were on level 2 of the Dungeon.
You visited 1 branch of the dungeon, and saw 2 of its levels.

You collected 9 gold pieces.

Inventory:

Hand Weapons
 d - a +0 rapier
Armour
 c - a +0 pair of boots (worn)
Scrolls
 a - a scroll of magic mapping {unknown}


   Skills:
 - Level 3.2 Fighting
 - Level 2.6 Dodging
 - Level 1.7 Stealth
 + Level 4.6 Unarmed Combat


You had 2 spell levels left.
You didn't know any spells.
Your spell library was empty.

Dungeon Overview and Level Annotations

Branches:
Dungeon (2/15)

Altars:

Annotations:
D:2 Jessica


Innate Abilities, Weirdness & Mutations

Your plain brown scales are hard. (AC +5)
You cannot fit into any form of body armour.
You are cold-blooded and may be slowed by cold attacks.


Message History

The adder bites you but does no damage. The adder misses you.
Jessica shouts!
You hit the adder but do no damage.
The adder is heavily wounded.
The adder barely misses you.
You barely miss the adder. You punch the adder.
The adder is almost dead.
The adder bites you but does no damage.
You hit the adder.
You kill the adder!
The goblin hits you with a +0 club.
You barely miss the goblin. The goblin hits you but does no damage.
Jessica grins evilly.
You punch the goblin!
You kill the goblin!
You completely miss Jessica. Jessica gestures at you while chanting.
Pain shoots through your body!
You are too injured to fight recklessly!
You are too injured to fight recklessly!
You are too injured to fight recklessly!
You are too injured to fight recklessly!
You are too injured to fight recklessly!
You are too injured to fight recklessly!
You are too injured to fight recklessly!
You are too injured to fight recklessly!
You are too injured to fight recklessly!
You are too injured to fight recklessly!
You are too injured to fight recklessly!
You are too injured to fight recklessly!
You are too injured to fight recklessly!
You hit Jessica.
Jessica is heavily wounded.
Jessica gestures at you while chanting. Pain shoots through your body!
* * * LOW HITPOINT WARNING * * *
You barely miss Jessica.
Your tail-slap misses Jessica.
Jessica is heavily wounded.
Jessica hits you with a +1 dagger of venom.
You die...

..##... #....
.....>...##########....
..................#....
#....##..#######......
...........# #..#...
#..#......####.####.
#..#......#.....#...
...##..@...............†
#......@..............†.
#.......................
.##...#....#............
......#.#..#............
###.. #.#...............
#. #.# ##...
..#).##........... .
##.###....
...#...............
#.............#...### #.
.>......#


You could see Jessica.

Vanquished Creatures
  An adder (D:2)
  A dart slug (D:1)
  3 endoplasms (D:1)
  5 goblins
  5 hobgoblins (D:1)
  3 jackals
  3 quokkas (D:1)
  3 ball pythons
  3 bats (D:1)
  A frilled lizard (D:1)
  7 rats
35 creatures vanquished.

Notes
Turn   | Place    | Note
-------+----------+-------------------------------------------
     0 | D:1      | pkoi the Draconian Monk began the quest for the Orb.
     0 | D:1      | Reached XP level 1. HP: 19/19 MP: 1/1
    86 | D:1      | Reached XP level 2. HP: 15/26 MP: 2/2
   593 | D:1      | Reached skill level 4 in Unarmed Combat
   642 | D:1      | Reached XP level 3. HP: 15/31 MP: 3/3
  1153 | D:2      | Noticed Jessica
  1162 | D:2      | Slain by Jessica

Illustrated notes

Levels and vault maps discovered:
D:1:      amcnicky_arrival_double_pillar, layout_rooms
D:2:      layout_rooms, chequers_ecumenical_altar_island,
          kennysheep_flooded_box, uniq_jessica, uniq_sigmund

Skill      XL: |  1  2 |
---------------+-------+-----
Unarmed Combat | 4 |  4.6
Fighting       | |  3.2
Dodging        | |  2.6
Stealth        | |  1.7

Action                   || total
-------------------------++-------
Melee: Unarmed           ||   139
       Tailslap          ||     7
       Punch             ||     2
  Use: Scroll            ||     2
       Potion            ||     2
 Stab: Sleeping          ||     1
Armor: Skin              ||    65
Dodge: Dodged            ||    98
